 Dungeon Crawl Stone Soup version 0.28.0-45-g0d030f2227 (webtiles) character file.

Game seed: 14539178554435733241

2388 SteveAustin the Skirmisher (level 9, -18/90 (92) HPs)
             Began as an Ogre Fighter on Apr 12, 2022.
             Was an Initiate of Yredelemnul.
             Demolished by a death knight
             ... wielding a +4 battleaxe
             ... summoned by the darkness of Dithmenos
              (35 damage)
             ... on level 6 of the Dungeon.
             The game lasted 00:42:41 (6597 turns).

SteveAustin the Skirmisher (Ogre Fighter)           Turns: 6597, Time: 00:42:42

HP:   -18/90 (92)   AC: 13    Str: 24    XL:     9   Next: 46%
MP:   11/11         EV:  7    Int:  9    God:    Yredelemnul [......]
Gold: 438           SH:  0    Dex: 10    Spells: 9/10 levels left

rFire   + + +      SeeInvis .   a - +0 long sword
rCold   . . .      Faith    .   c - +0 kite shield
rNeg    . . .      Spirit   .   d - +0 fire dragon scales
rPois   +          Reflect  +   (helmet restricted)
rElec   +          Harm     .   (no cloak)
rCorr   +          Rampage  .   (gloves unavailable)
Will    .....                   (boots unavailable)
Stlth   ..........              f - amulet of reflection
HPRegen 0.25/turn               p - +4 ring of protection
MPRegen 0.12/turn               (no ring)

@: confused, resistant (expiring), ambrosia-drunk, flying (expiring), lightly
drained, invisible (expiring)
A: large, unfitting armour, tough skin 1
a: Renounce Religion, Recall Undead Harvest


You were on level 6 of the Dungeon.
You worshipped Yredelemnul.
Yredelemnul was noncommittal.
You visited 2 branches of the dungeon, and saw 7 of its levels.
You also visited: Ossuary.

You collected 438 gold pieces.

Inventory:

Hand Weapons
 a - a +0 long sword (weapon)
 g - a +0 hunting sling
Missiles
 k - 2 boomerangs (quivered)
 o - 54 sling bullets
Armour
 b - a +0 robe
 c - a +0 kite shield (worn)
 d - +0 fire dragon scales (worn)
Jewellery
 e - an amulet of the acrobat
 f - an amulet of reflection (around neck)
 p - a +4 ring of protection (left hand)
Scrolls
 i - 2 scrolls of amnesia {unknown}
 s - a scroll of fog
 u - a scroll of vulnerability
Potions
 l - 3 potions of flight
 q - a potion of attraction {unknown}


   Skills:
 * Level 6.4 Fighting
 * Level 5.9 Long Blades
 * Level 2.9(3.1) Slings
 * Level 2.3(3.4) Throwing
 + Level 0.3 Armour
 * Level 4.3 Dodging
 * Level 3.4 Stealth
 * Level 4.8 Shields
 * Level 1.4 Spellcasting
 * Level 0.9 Conjurations
 * Level 0.7 Fire Magic
 * Level 2.7 Invocations
 * Level 1.8 Evocations


You had 9 spell levels left.
You knew the following spells:

 Your Spells              Type           Power      Damage    Failure   Level
a - Foxfire               Conj/Fire      8%         2x1d4     87%         1

Your spell library contained the following spells:

 Spells                   Type           Power      Damage    Failure   Level
 Conjure Flame            Conj/Fire      2%         6-21      99%         3
 Inner Flame              Hex/Fire       1%         N/A       100%        3
 Flame Wave               Conj/Fire      2%         2d4       100%        4


Dungeon Overview and Level Annotations

Branches:
Dungeon (6/15)             Temple (1/1) D:4         Ossuary (visited)

Altars:
Ashenzari
Cheibriados
Dithmenos
Elyvilon
Fedhas
Gozag
Hepliaklqana
Kikubaaqudgha
Makhleb
Nemelex Xobeh
Okawaru
Qazlal
Ru
Sif Muna
Trog
Vehumet
Wu Jian
Xom
Yredelemnul
Zin
The Shining One

Annotations:
D:6 3 runed translucent doors, Antichthon's ghost, novice NaWr


Innate Abilities, Weirdness & Mutations

You are too large for most types of armour.
You have tough skin. (AC +1)


Message History

The shadow demon hits you!
The death knight hits you with a +4 battleaxe!
The shadow demon hits you.
You hit the shadow demon but do no damage.
The shadow demon is severely wounded.
The iguana hisses angrily.
You block the death knight's attack. The shadow demon hits you!
The death knight barely misses you.
You closely miss the shadow demon.
The shadow demon is severely wounded.
The orc warrior barely misses you. You block the shadow demon's attack.
You block the death knight's attack.
You hit the shadow demon but do no damage.
The shadow demon is severely wounded.
You flicker for a moment.
The iguana hisses angrily.
The shadow demon hits you. You block the death knight's attack.
You barely miss the shadow demon.
The shadow demon is severely wounded.
You start to feel less resistant.
The iguana hisses angrily.
The shadow demon hits you!
* * * LOW HITPOINT WARNING * * *
You block the death knight's attack.
You feel better.
The iguana hisses angrily.
The shadow demon hits you.
The death knight hits you with a +4 battleaxe!!
* * * LOW HITPOINT WARNING * * *
You hear a horrible gurgling sound!
You closely miss the shadow demon.
The shadow demon is severely wounded.
You block the shadow demon's attack. You block the death knight's attack.
You block the orc's attack. The shadow demon closely misses you.
It was a potion of ambrosia.
You are confused.
You feel invigorated.
The death knight hits you with a +4 battleaxe!!
You die...
Your body rises from the dead as a mindless zombie.

##### ### ###...# #.# ###
#....# #.# ##.#
###..#########z# ##.##
##.........W## #..# #
#.#######p## ##(#### ##
#.## ##@## ##....###.
#..# ##2o# #..##.....
#..###o.o# #..##.....
#..##lol## ##.##......
#...#.o.## #..##......
####.....######.####.....
#..##........## #.....
#..###........# #.....
#..# ##o.......###....


You could see a death knight (summoned), a skeletal warrior (summoned), a shadow
demon, a wraith (summoned), an orc warrior (summoned), 2 iguanas, an orc priest
(summoned), an orc wizard (summoned) and 2 orcs.

Vanquished Creatures
  Grinder (D:3)
  6 shadows (D:6)
  Edmund (D:5)
  3 sky beasts (D:6)
  An ice beast (D:5)
  3 black bears
  A necrophage (D:5)
  A centaur (D:6)
  A kobold brigand (D:4)
  3 scorpions
  A water moccasin zombie (D:6)
  2 water moccasin skeletons
  A howler monkey (D:4)
  The ghost of pkoi the Firebug, a weakling DgFE (D:3)
  A bullfrog zombie (D:6)
  A hound (D:5)
  A jelly (D:6)
  A gnoll shaman (D:4)
  5 iguanas
  Terence (D:3)
  4 orc wizards (D:4)
  A sky beast zombie (D:6)
  8 mummies (Ossuary)
  12 gnolls (D:4)
  10 adders
  A shadow imp (D:5)
  An iguana zombie (D:6)
  An adder skeleton (D:5)
  An adder zombie (D:6)
  3 worms (D:4)
  10 orcs
  5 ball pythons
  7 endoplasms
  7 giant cockroaches
  5 goblins
  4 hobgoblins
  4 jackals
  4 quokkas
  4 bats
  3 frilled lizards
  2 gnoll zombies (Ossuary)
  3 hobgoblin zombies (Ossuary)
  10 kobolds
  A kobold zombie (Ossuary)
  2 orc zombies (Ossuary)
  4 rats
153 creatures vanquished.

Vanquished Creatures (collateral kills)
  A worm (D:4)
  A dart slug (D:4)
  A kobold (D:4)
3 creatures vanquished.

Vanquished Creatures (others)
  An adder zombie (D:4)
  An iguana zombie (D:5)
  3 orc zombies (D:5)
  A quokka zombie (D:5)
  17 plants (D:3)
23 creatures vanquished.

Grand Total: 179 creatures vanquished

Notes
Turn   | Place    | Note
-------+----------+-------------------------------------------
     0 | D:1      | SteveAustin the Ogre Fighter began the quest for the Orb.
     0 | D:1      | Reached XP level 1. HP: 24/24 MP: 1/1
   289 | D:1      | Reached XP level 2. HP: 32/32 MP: 2/2
   812 | D:2      | Found a faded altar of an unknown god.
   821 | D:2      | Prayed at the altar of an unknown god.
   821 | D:2      | Became a worshipper of Dithmenos the Shadowed
   821 | D:2      | Reached * piety under Dithmenos
   872 | D:2      | Reached XP level 3. HP: 24/39 MP: 3/3
  1199 | D:2      | Reached XP level 4. HP: 43/49 MP: 4/4
  1410 | D:3      | Noticed Grinder
  1410 | D:3      | Paralysed by Grinder for 2 turns
  1419 | D:3      | Paralysed by Grinder for 7 turns
  1439 | D:3      | Paralysed by Grinder for 4 turns
  1447 | D:3      | Killed Grinder
  1448 | D:3      | Reached skill level 5 in Fighting
  1448 | D:3      | Reached skill level 1 in Slings
  1448 | D:3      | Reached skill level 1 in Stealth
  1448 | D:3      | Reached XP level 5. HP: 14/57 MP: 5/5
  1448 | D:3      | Reached XP level 6. HP: 17/66 MP: 6/6
  1806 | D:3      | Reached ** piety under Dithmenos
  2038 | D:3      | Noticed Terence
  2056 | D:3      | Killed Terence
  2186 | D:3      | Found a runed translucent door.
  2187 | D:3      | Noticed pkoi's ghost (weakling DgFE)
  2239 | D:3      | Killed pkoi's ghost
  2593 | D:4      | Found a sand-covered staircase.
  2598 | Ossuary  | Entered an ossuary
  2634 | Ossuary  | Reached XP level 7. HP: 63/72 MP: 7/7
  2994 | D:4      | Reached skill level 1 in Invocations
  3333 | D:4      | Reached *** piety under Dithmenos
  3368 | D:4      | Reached XP level 8. HP: 18/81 MP: 9/9
  3404 | D:4      | Reached skill level 1 in Evocations
  3436 | D:4      | Reached skill level 1 in Throwing
  3816 | D:4      | Found a staircase to the Ecumenical Temple.
  3827 | Temple   | Entered the Ecumenical Temple
  3881 | Temple   | Fell from the grace of Dithmenos
  3881 | Temple   | Became a worshipper of Yredelemnul the Dark
  4110 | D:4      | Reached * piety under Yredelemnul
  4594 | D:5      | Entered Level 5 of the Dungeon
  4669 | D:5      | Reached skill level 5 in Long Blades
  4851 | D:5      | Learned a level 1 spell: Foxfire
  4915 | D:5      | Noticed a slime creature
  4915 | D:5      | Noticed a slime creature
  4915 | D:5      | Noticed a slime creature
  4915 | D:5      | Noticed a slime creature
  4915 | D:5      | Noticed a slime creature
  5146 | D:5      | Noticed Edmund
  5159 | D:5      | Killed Edmund
  5160 | D:5      | Reached skill level 6 in Fighting
  5160 | D:5      | Reached XP level 9. HP: 88/89 MP: 10/10
  5345 | D:5      | Reached skill level 1 in Spellcasting
  5848 | D:6      | Found a runed translucent gate.
  5848 | D:6      | Found a runed translucent gate.
  5848 | D:6      | Found a runed translucent gate.
  5850 | D:6      | Noticed Antichthon's ghost (novice NaWr)
  6501 | D:6      | Noticed a shadow demon
  6501 | D:6      | Noticed a shadow demon
  6501 | D:6      | Noticed a phantasmal warrior
  6586 | D:6      | Noticed a cyan ugly thing
  6586 | D:6      | Noticed a death knight
  6586 | D:6      | Noticed a skeletal warrior
  6586 | D:6      | Noticed a freezing wraith
  6591 | D:6      | Noticed a skeletal warrior
  6597 | D:6      | Demolished by a death knight

Illustrated notes

Levels and vault maps discovered:
D:1:      dpeg_arrival_water_temple_mockup, layout_loops_ring,
          chequers_serial_rivers_micro_e
D:2:      layout_rooms, shapermc_ecumenical_altar_totnotflames
D:3:      layout_basic, gammafunk_ghost_grave, serial_bayou_lagoon_b,
          uniq_terence, uniq_grinder
D:4:      layout_basic, minmay_temple_entry_butterflies, enter_ossuary_5,
          minmay_divided_ellipse
D:5:      layout_loops_ring, uniq_edmund
D:6:      layout_layer_cave, gammafunk_ghost_necromancy
Temple:   nicolae_temple_the_god_donut

Skill      XL: |  1  2  3  4  5  6  7  8  9 |
---------------+----------------------------+-----
Long Blades    | 2 3 4 5 |  5.9
Shields        | 3 4 |  4.8
Dodging        | 3 4 |  4.3
Fighting       | 5 6 |  6.4
Slings         | 1 2 |  2.9
Stealth        | 1 3 |  3.4
Invocations    | 1 2 |  2.7
Evocations     | 1 |  1.8
Throwing       | 2 |  2.3
Spellcasting   | 1 |  1.4
Armour         | |  0.3
Conjurations   | |  0.9
Fire Magic     | |  0.7

Action                   |  1- 3 |  4- 6 |  7- 9 || total
-------------------------+-------+-------+-------++-------
Melee: Long sword        |    85 |    88 |   380 ||   553
 Fire: Hunting sling     |     9 |    50 |    11 ||    70
Throw: Dart              |       |       |     1 ||     1
       Boomerang         |       |       |    12 ||    12
Invok: Shadow Step       |       |     1 |       ||     1
       Recall Undead Har |       |       |     7 ||     7
Evoke: Wand              |       |       |    20 ||    20
  Use: Scroll            |     1 |     5 |     6 ||    12
       Potion            |       |     6 |    10 ||    16
 Stab: Paralysed         |       |       |    26 ||    26
       Sleeping          |       |       |     2 ||     2
Armor: Robe              |    17 |    33 |    57 ||   107
       Skin              |       |    24 |     9 ||    33
       Fire dragon scale |       |       |    41 ||    41
Dodge: Dodged            |    28 |    44 |    94 ||   166
Block: Kite shield       |    69 |   125 |   279 ||   473
       Reflection        |       |     2 |     3 ||     5
